 Dungeon Crawl Stone Soup version 0.29.1-15-g9cfb28693d (webtiles) character file.

Game seed: 4713215288964350616

4 CatalinOSBI the Grave Robber (level 1, 0/14 HPs)
             Began as a Ghoul Necromancer on Mar 28, 2023.
             Slain by a gnoll
             ... wielding a +0 hand axe
              (4 damage)
             ... on level 1 of the Dungeon.
             The game lasted 00:07:32 (429 turns).

CatalinOSBI the Grave Robber (Ghoul Necromancer)     Turns: 429, Time: 00:07:32

Health: 0/14       AC:  6    Str: 11    XL:     1   Next: 70%
Magic:  1/2        EV: 12    Int: 10    God:
Gold:   0          SH:  0    Dex:  9    Spells: 2/3 levels left

rFire   . . .      SeeInvis .   f - +0 whip
rCold   + . .      Faith    .   (no shield)
rNeg    + + +      Spirit   .   a - +0 robe
rPois   ∞          Reflect  .   (no helmet)
rElec   .          Harm     .   (no cloak)
rCorr   .          Rampage  .   (no gloves)
Will    .....                   (no boots)
Stlth   ++........              (no amulet)
HPRegen 0.00/turn               c - +4 ring of protection
MPRegen 0.08/turn               (no ring)

@: inhibited regen
A: claws 1, cold resistance 1, negative energy resistance 3, inhibited
regeneration, torment resistance 2, devour on kill
a: no special abilities


You were on level 1 of the Dungeon.
You visited 1 branch of the dungeon, and saw 1 of its levels.

Inventory:

Hand Weapons
 e - a +0 dagger
 f - a +0 whip (weapon)
Armour
 a - a +0 robe (worn)
Jewellery
 c - a +4 ring of protection (left claw)
Potions
 b - a potion of magic
 d - a potion of curing {unknown}


   Skills:
 + Level 1.7 Dodging
 + Level 2.1 Stealth
 + Level 1.7 Spellcasting
 + Level 4.2 Necromancy


You had 2 spell levels left.
You knew the following spells:

 Your Spells              Type           Power      Damage    Failure   Level
a - Necrotise             Necr           36%        1d5       5%          1

Your spell library contained the following spells:

 Spells                   Type           Power      Damage    Failure   Level
 Vampiric Draining        Necr           9%         2d6       17%         3
 Animate Dead             Necr           9%         N/A       50%         4
 Agony                    Necr           9%         N/A       83%         5


Dungeon Overview and Level Annotations

Branches:
Dungeon (1/15)

Altars:


Innate Abilities, Weirdness & Mutations

You are immune to poison.
You have sharp fingernails.
Your flesh is cold resistant. (rC+)
You are immune to negative energy. (rN+++)
You do not regenerate when monsters are visible.
You are immune to unholy pain and torment.
You thrive by killing the living.


Message History

The hobgoblin attacks as you move away!
The hobgoblin hits you but does no damage.
A gnoll comes into view. It is wielding a +0 hand axe.
The hobgoblin hits you.
The gnoll shouts!
The goblin attacks as you move away! The goblin hits you with a +0 dagger.
* * * LOW HITPOINT WARNING * * *
Throw: stone
Press: ? - help, Q - select action, (/) - cycle Shift-Dir - straight line, f/p - hobgoblin
Aim: a hobgoblin (heavily wounded, 52% to hit)
You throw a stone. The stone hits the hobgoblin.
The hobgoblin is severely wounded.
The hobgoblin barely misses you. The goblin hits you but does no damage.
You hit the hobgoblin but do no damage.
The hobgoblin is severely wounded.
The goblin hits you but does no damage.
The hobgoblin hits you but does no damage.
The goblin attacks as you move away! The goblin barely misses you.
The hobgoblin attacks as you move away! The hobgoblin completely misses you.
The gnoll attacks as you move away! The gnoll completely misses you.
The goblin attacks as you move away! The goblin hits you but does no damage.
The gnoll attacks as you move away! The gnoll barely misses you.
The hobgoblin attacks as you move away!
The hobgoblin hits you but does no damage.
Casting: Necrotise (safe; 6% risk of failure)
Confirm with . or Enter, or press ? or * to list all spells.
Aiming: Necrotise (safe; 6% risk of failure)
Press: ? - help, Shift-Dir - straight line, f/p - hobgoblin
Aim: a hobgoblin (severely wounded, chance to affect: 76%)
The hobgoblin writhes in agony.
You kill the hobgoblin!
The dead are walking!
The gnoll hits you but does no damage.
The gnoll hits your hobgoblin skeleton with a +0 hand axe.
You closely miss the goblin. The goblin hits you but does no damage.
The gnoll hits you but does no damage.
The gnoll hits your hobgoblin skeleton with a +0 hand axe.
Your hobgoblin skeleton is destroyed!
You closely miss the goblin. The goblin misses you.
The gnoll hits you with a +0 hand axe.
You die...

... ....?.. ..# #..... #.# #.....
###### #.# #... #....#####.##
#... #...........# ######...
#...........# #....#...
+#######...........# #....#...
................@g.######........
.....#####.......g........)....##
.....# #.....................#
.....# #..................####
.....# #.[..................##
.....# #..................#..#
..†..# #..................#++#
#.#### #......#############..#
#.# ######## #..#


You could see a gnoll and a goblin.

Vanquished Creatures
  A hobgoblin (D:1)
  2 ball pythons (D:1)
  2 kobolds (D:1)
5 creatures vanquished.

Notes
Turn   | Place    | Note
-------+----------+-------------------------------------------
     0 | D:1      | CatalinOSBI the Ghoul Necromancer began the quest for the
                  | Orb.
     0 | D:1      | Reached XP level 1. HP: 14/14 MP: 2/2
   429 | D:1      | Slain by a gnoll

Illustrated notes

Levels and vault maps discovered:
D:1:      beargit_arrival_diablo_church, layout_basic

Action                   || total
-------------------------++-------
Melee: Whip              ||     6
       Unarmed           ||     1
Throw: Stone             ||     5
 Cast: Necrotise         ||     7
Armor: Robe              ||    14
Dodge: Dodged            ||    15
